 Dungeon Crawl Stone Soup version 0.20-a0-370-gd6af2a4 (webtiles) character file.

1534 recordrepeat the Covered (level 8, 0/70 HPs)
             Began as a Hill Orc Fighter on Dec 27, 2016.
             Was a Follower of Beogh.
             Slain by Kurtz's ghost (7 damage)
             ... on level 6 of the Dungeon.
             The game lasted 00:19:49 (4961 turns).

recordrepeat the Covered (Hill Orc Fighter)         Turns: 4961, Time: 00:19:50

Health: 0/70       AC: 12    Str: 25    XL:     8   Next: 86%
Magic:  8/8        EV:  7    Int: 13    God:    Beogh [*.....]
Gold:   430        SH: 10    Dex: 11    Spells: 7/7 levels left

rFire  . . .     SeeInvis .     r - +2 falchion (slice)
rCold  . . .     Gourm    .     h - +0 chain mail
rNeg   . . .     Faith    .     c - +0 shield
rPois  +         Spirit   .     q - +0 helmet
rElec  .         Reflect  .     H - +0 cloak
rCorr  .         Harm     .     (no gloves)
MR     .....                    (no boots)
Stlth  ..........               (no amulet)
                                y - ring of poison resistance
                                B - +3 ring of slaying

@: mighty, brilliant
A: no striking features
a: Renounce Religion


You were on level 6 of the Dungeon.
You worshipped Beogh.
Beogh was aware of your devotion.
You were not hungry.

You visited 1 branch of the dungeon, and saw 6 of its levels.

You collected 430 gold pieces.

Inventory:

Hand Weapons
 a - a +0 war axe
 r - a +2 falchion of slicing (weapon)
Missiles
 w - 4 silver tomahawks (quivered)
Armour
 c - a +0 shield (worn)
 h - a +0 chain mail (worn)
 q - a +0 helmet (worn)
 H - a +0 cloak (worn)
Jewellery
 s - an uncursed ring of positive energy
 v - an uncursed ring of resist corrosion
 x - an uncursed ring of protection from fire
 y - a ring of poison resistance (right hand)
 B - a +3 ring of slaying (left hand)
 E - an uncursed ring of magical power
Wands
 z - a wand of polymorph (21/24)
Scrolls
 l - a scroll of random uselessness {unknown}
 m - 4 scrolls of remove curse {unknown}
 n - 3 scrolls of teleportation {unknown}
 o - 6 scrolls of identify {unknown}
 u - 2 scrolls of magic mapping {unknown}
 A - 2 scrolls of enchant armour {unknown}
 C - a scroll of fear {unknown}
 G - a scroll of amnesia {unknown}
Potions
 d - a potion of might
 e - a potion of lignification {unknown}
 g - a potion of invisibility {unknown}
 i - a potion of flight {unknown}
 k - 2 potions of resistance {unknown}
 p - 3 potions of brilliance
 t - 2 potions of magic {unknown}
 F - a potion of heal wounds {unknown}
Comestibles
 b - 2 chunks of flesh
 f - 5 bread rations
 j - a meat ration


   Skills:
 + Level 5.9 Fighting
 + Level 5.9 Long Blades
 + Level 5.4 Axes
 + Level 6.5 Armour
 + Level 2.2 Dodging
 + Level 0.8 Stealth
 + Level 5.6 Shields


You had 7 spell levels left.
You didn't know any spells.

Dungeon Overview and Level Annotations

Branches:
Dungeon (6/15)             Temple (0/1) D:6

Altars:
Cheibriados
Kikubaaqudgha
Nemelex Xobeh
Uskayaw

Annotations:
D:6 Kurtz's ghost, novice KoMo


Message History

You feel better. The gnoll barely misses you. You block Kurtz's ghost's attack.
You closely miss Kurtz's ghost.
Kurtz's ghost is lightly damaged.
The gnoll barely misses you. Kurtz's ghost hits you!
* * * LOW HITPOINT WARNING * * *
A gnoll comes into view. It is wielding a club.
The gnoll moves out of view.
You block Kurtz's ghost's attack.
Some of the chunks of flesh in your inventory have rotted away.
The gnoll hits you but does no damage.
Found 8 gold pieces.
You slash Kurtz's ghost!
Kurtz's ghost is moderately damaged.
You block Kurtz's ghost's attack.
You barely miss Kurtz's ghost.
Kurtz's ghost is moderately damaged.
You block the gnoll's attack.
Kurtz's ghost wails.
Kurtz's ghost hits you!
You die...

########### # ####
###.#.#...#.#.###
..>###...#...#...#...#
##ggg..#.g.#.#.#...#
#.#####.g.#.#$#@..#
g..# #...#gg.#gW.#...#
.### #.#.#.#gg.#.# #.#
. .g.########### #
.... ..... .... ....


You could see Kurtz's ghost and 3 gnolls.

Vanquished Creatures
  Grinder (D:3)
  Eustachio (D:5)
  The ghost of Vinniefish the Shooter, an amateur CeHu of Dithmenos (D:3)
  2 ogres
  4 centaurs
  A big kobold (D:4)
  A bullfrog (D:6)
  A crimson imp (D:5)
  A jelly (D:5)
  2 bullfrog skeletons
  A centaur skeleton (D:5)
  Crazy Yiuf (D:5)
  2 iguanas
  2 orc wizards (D:4)
  A worker ant (D:4)
  A hound skeleton (D:5)
  Robin (D:3)
  4 adders
  2 gnolls (D:6)
  A shadow imp (D:6)
  3 worms (D:3)
  3 dart slugs (D:2)
  2 leopard geckos
  20 orcs
  3 giant cockroaches
  14 goblins
  8 hobgoblins
  A quokka (D:4)
  7 bats
  5 frilled lizards
  5 kobolds
  8 rats
110 creatures vanquished.

Vanquished Creatures (others)
  An orc (D:4)
  A frilled lizard (D:4)
2 creatures vanquished.

Grand Total: 112 creatures vanquished

Notes
Turn   | Place    | Note
-------+----------+-------------------------------------------
     0 | D:1      | recordrepeat the Hill Orc Fighter began the quest for the Orb.
     0 | D:1      | Reached XP level 1. HP: 19/19 MP: 1/1
   229 | D:1      | Reached XP level 2. HP: 27/27 MP: 2/2
   716 | D:2      | Reached XP level 3. HP: 33/33 MP: 3/3
   855 | D:2      | Found a snail-covered altar of Cheibriados.
  1435 | D:2      | Reached XP level 4. HP: 40/40 MP: 4/4
  1496 | D:3      | Noticed Robin
  1507 | D:3      | Killed Robin
  1873 | D:3      | Noticed Grinder
  1875 | D:3      | Paralysed by Grinder for 3 turns
  1888 | D:3      | Paralysed by Grinder for 3 turns
  1896 | D:3      | Killed Grinder
  1896 | D:3      | Reached skill level 1 in Long Blades
  1896 | D:3      | Reached skill level 5 in Axes
  1896 | D:3      | Reached skill level 4 in Armour
  1896 | D:3      | Reached skill level 1 in Dodging
  1896 | D:3      | Reached XP level 5. HP: 20/47 MP: 5/5
  1896 | D:3      | Reached XP level 6. HP: 22/53 MP: 6/6
  2087 | D:3      | Found an ancient bone altar of Kikubaaqudgha.
  2096 | D:3      | Noticed Vinniefish's ghost (amateur CeHu)
  2112 | D:3      | Killed Vinniefish's ghost
  2523 | D:4      | Reached skill level 5 in Armour
  2523 | D:4      | Reached XP level 7. HP: 56/60 MP: 7/7
  2979 | D:4      | Became a worshipper of Beogh the Brigand
  3338 | D:5      | Entered Level 5 of the Dungeon
  3350 | D:5      | Reached skill level 5 in Fighting
  3567 | D:5      | Reached skill level 5 in Shields
  3632 | D:5      | Reached XP level 8. HP: 58/68 MP: 8/8
  3701 | D:5      | Found a sparkling altar of Nemelex Xobeh.
  3766 | D:5      | Noticed Eustachio
  3788 | D:5      | Killed Eustachio
  3788 | D:5      | Reached skill level 6 in Armour
  3901 | D:5      | Noticed a dagger
  3901 | D:5      | Found a hide-covered altar of Uskayaw.
  3901 | D:5      | Noticed a dagger
  3994 | D:5      | Reached skill level 5 in Long Blades
  4292 | D:5      | Found a runed door.
  4316 | D:5      | Noticed Crazy Yiuf
  4319 | D:5      | Killed Crazy Yiuf
  4709 | D:6      | Found a staircase to the Ecumenical Temple.
  4844 | D:6      | Reached * piety under Beogh
  4919 | D:6      | Noticed Kurtz's ghost (novice KoMo)
  4961 | D:6      | Slain by Kurtz's ghost

Vault maps used:
D:1:      dpeg_arrival_rhombus
D:2:      nrook_mini_vaults, kennysheep_slug_shrine
D:3:      nicolae_overflow_crystal_walls, first_bread, uniq_robin, uniq_grinder
D:5:      dancing_weapons_uskayaw, marbit_many_paths, uniq_crazy_yiuf_cottage,
          uniq_eustachio
D:6:      minmay_misc_feat_alley, lemuel_flamethrower_1

Skill      XL: |  1  2  3  4  5  6  7  8 |
---------------+-------------------------+-----
Axes           | 3 4 5 |  5.4
Fighting       | 4 5 |  5.9
Long Blades    | 1 2 3 5 |  5.9
Armour         | 4 5 6 |  6.5
Dodging        | 1 2 |  2.2
Shields        | 4 5 |  5.6
Stealth        | |  0.8

Action                   |  1- 3 |  4- 6 |  7- 9 || total
-------------------------+-------+-------+-------++-------
Melee: War axe           |    93 |    48 |       ||   141
       Falchion          |       |    60 |   183 ||   243
Invok: Convert to Beogh  |       |       |     1 ||     1
  Use: Potion            |       |       |     5 ||     5
  Eat: Chunk             |     2 |     3 |     7 ||    12
       Beef jerky        |       |       |     1 ||     1
Armor: Scale mail        |    42 |    40 |    43 ||   125
       Chain mail        |       |       |    18 ||    18
Dodge: Dodged            |    29 |    23 |    51 ||   103
Block: Shield            |    49 |    48 |    86 ||   183
       Rpst.: Falchion   |       |     6 |    12 ||    18
